 Dungeon Sprint DCSS version 0.30.1-11-g7821555f0a (webtiles) character file.

Game seed: 3574590090431698907

1053 Groucho the Imperceptible (level 8, -12/29 HPs)
             Began as a Felid Berserker on Dec 5, 2023.
             Was a Priest of Trog.
             Shot with an arrow by a centaur warrior (27 damage)
             ... in the Dungeon (Sprint I: "Red Sonja").
             The game lasted 00:02:33 (713 turns).

Groucho the Imperceptible (Felid Berserker)          Turns: 713, Time: 00:02:34

Health: -12/29     AC:  2    Str: 11    XL:     8   Next: 5%
Magic:  6/6        EV: 17    Int:  5    God:    Trog [***...]
Gold:   331        SH:  0    Dex: 11    Spells: 7/7 levels left
                                        Lives:  0   Deaths: 2

rFire   x x          x
                       - Unarmed
rCold   x x x        (shield unavailable)
rNeg    . . .        (body armour unavailable)
rPois   .            (helmet unavailable)
rElec   .            (cloak unavailable)
rCorr   .            (gloves unavailable)
SInv    +            (boots unavailable)
Will    +....        (no amulet)
Stlth   ++++++++     (no ring)
HPRegen 0.00/turn    (no ring)
MPRegen 0.10/turn

%: no teleportation, random rage (9%)
@: inhibited regen, unable to read, unable to drink, quick
A: very small, claws 1, fangs 3, see invisible, speed 1, shaggy fur 2, stealthy
paws, no weapons or thrown items, no armour, multi-lived, berserk 2, clumsy 2,
deterioration 2, dopey 2, frail 3, low MP 3, screaming 2, inhibited
regeneration, weak 2, no potion heal 2, cold vulnerability 3, heat vulnerability
3, subdued magic 3, inability to drink after injury 2, inability to read after
injury 2, devolution 2
a: Renounce Religion, Berserk, Trog's Hand


You were in the Dungeon.
You worshipped Trog.
Trog was most pleased with you.
You visited 1 branch You collected 331 gold pieces.

Inventory:

Wands
 g - a wand of flame (22)
Scrolls
 b - a scroll of poison {unknown}
Potions
 a - a potion of curing
 c - a potion of haste
 d - 2 potions of magic
 e - a potion of berserk rage
 f - a potion of lignification {unknown}


   Skills:
 + Level 8.8 Fighting
 - Level 4.0 Dodging
 - Level 23.0 Stealth
 - Level 3.0 Unarmed Combat


You had 7 spell levels left.
You didn't know any spells.
Your spell library was empty.

Dungeon Overview and Level Annotations

Branches:
Dungeon (1/1)

Altars:
Cheibriados
Dithmenos
Elyvilon
Fedhas
Gozag
Hepliaklqana
Kikubaaqudgha
Makhleb
Nemelex Xobeh
Okawaru
Qazlal
Ru
Sif Muna
Trog
Uskayaw
Vehumet
Wu Jian
Xom
Yredelemnul
Zin
The Shining One
Jiyva
Lugonu

Shops:
D !=

Annotations:
D Sonja


Innate Abilities, Weirdness & Mutations

You have sharp claws.
You have razor-sharp teeth.
You have supernaturally acute eyesight. (SInv)
You cover ground quickly. (Speed+)
You are covered in thick fur. (AC +2)
Your paws help you pounce on unaware monsters.
You are incapable of wielding weapons or throwing items.
You cannot wear armour.
You gain extra lives every three experience levels.
You have an uncontrollable temper.
You are very clumsy. (Dex -4)
Your body often deteriorates upon taking damage.
You are very dopey. (Int -4)
You are extremely frail. (-30% HP)
Your magical capacity is extremely low. (-30% MP)
You frequently scream uncontrollably at your foes.
You do not regenerate when monsters are visible.
You are very weak. (Str -4)
Potions cannot restore your health.
You are extremely vulnerable to cold. (rC---)
You are extremely vulnerable to heat. (rF---)
Your spells are much easier to cast, but much less powerful.
You sometimes lose the ability to drink potions when taking damage.
You sometimes lose the ability to read scrolls when taking damage.
You have terrible hidden genetic defects.


Message History

Unknown command.
Unknown command.
You claw the shining eye!
The shining eye is heavily wounded.
The floating eye gazes piercingly through you!
You suddenly lose the ability to move!
The shining eye gazes at you.
Strange energies course through your body.
The shining eye pulsates ominously.
The shining eye gazes at you.
Strange energies course through your body.
You feel a genetic drift. The floating eye seems to glare at you.
The shining eye gazes at you.
Strange energies course through your body.
The shining eye gazes at you.
Strange energies course through your body.
The shining eye gazes at you.
Strange energies course through your body.
The shining eye gazes at you.
Strange energies course through your body.
The shining eye gazes at you.
Strange energies course through your body.
The shining eye gazes at you.
Strange energies course through your body.
You can move again.
The centaur warrior shouts!
You scratch the shining eye but do no damage.
The shining eye is heavily wounded.
The shining eye gazes at you.
Strange energies course through your body.
Unknown command.
You completely miss the shining eye.
The shining eye is heavily wounded.
The centaur warrior wields a +0 longbow.
The centaur warrior shoots an arrow.
The arrow hits you!!
You feel threatened and lose the ability to read scrolls!
You feel threatened and lose the ability to drink potions!
Ouch! That really hurt!
You die...

#..#__####..##[#~~§§c#
#..#_____##'#_.§§§~§§+
#⌠⌠#_.∩..÷'..._#§§§.c#
####_..__##_.#'##+####
#_____###+#(#...)#
########### ####†###
#∩....c...+


+$$T$$+ ###'G'G#### ####### #...G@G.# #...GGG..# #..#.G...# #........#
#.....#..# #........# #..#.....# #........# You could see 6 shining eyes, a
centaur warrior and 2 floating eyes.

Vanquished Creatures
  2 shining eyes (D)
  Sigmund (D)
  A slime creature (D)
  A yak (D)
  2 floating eyes (D)
  An ogre (D)
  A jelly (D)
  Ijyb (D)
10 creatures vanquished.

Vanquished Creatures (others)
  A ballistomycete spore (D)
1 creature vanquished.

Grand Total: 11 creatures vanquished

Notes
Turn   | Place    | Note
-------+----------+-------------------------------------------
     0 | D        | Groucho the Felid Berserker began the quest for the Orb.
     0 | D        | Reached XP level 1. HP: 10/10 MP: 2/2
     2 | D        | Noticed Ijyb
     9 | D        | Killed Ijyb
    10 | D        | Reached skill level 8 in Stealth
    10 | D        | Reached XP level 2. HP: 12/14 MP: 3/3
    65 | D        | Noticed an ogre
    67 | D        | Killed an ogre
    68 | D        | Reached skill level 12 in Stealth
    68 | D        | Reached XP level 3. HP: 17/17 MP: 4/4
    68 | D        | Reached XP level 4. HP: 21/21 MP: 5/5
    81 | D        | Noticed Sigmund
    91 | D        | Killed Sigmund
    91 | D        | Reached ** piety under Trog
    92 | D        | Reached skill level 17 in Stealth
    92 | D        | Reached XP level 5. HP: 24/24 MP: 6/6
   233 | D        | Found a shimmering blue altar of Sif Muna.
   234 | D        | Found an ornate altar of the Wu Jian Council.
   235 | D        | Found a radiant altar of Vehumet.
   240 | D        | Gained mutation: You are covered in thick fur. (AC +2)
                  | [Felid growth]
   240 | D        | Reached XP level 6. HP: 28/28 MP: 7/7
   256 | D        | Found Geroamic's Jewellery Emporium.
   256 | D        | Found an ancient bone altar of Kikubaaqudgha.
   256 | D        | Found a hazy altar of Hepliaklqana.
   256 | D        | Found a stormy altar of Qazlal.
   256 | D        | Found a hide-covered altar of Uskayaw.
   256 | D        | Found a blossoming altar of Fedhas.
   256 | D        | Found a bloodstained altar of Trog.
   256 | D        | Found an iron altar of Okawaru.
   256 | D        | Found a basalt altar of Yredelemnul.
   256 | D        | Found a glowing golden altar of the Shining One.
   256 | D        | Found a snail-covered altar of Cheibriados.
   256 | D        | Found a sacrificial altar of Ru.
   256 | D        | Found a glowing silver altar of Zin.
   256 | D        | Found a shadowy altar of Dithmenos.
   256 | D        | Found a white marble altar of Elyvilon.
   256 | D        | Noticed a yak
   257 | D        | Found an opulent altar of Gozag.
   258 | D        | Killed a yak
   259 | D        | Reached skill level 19 in Stealth
   259 | D        | Found a sparkling altar of Nemelex Xobeh.
   289 | D        | Found a burning altar of Makhleb.
   289 | D        | Found a shimmering altar of Xom.
   289 | D        | Noticed a slime creature
   290 | D        | Found a viscous altar of Jiyva.
   290 | D        | Found a corrupted altar of Lugonu.
   302 | D        | Killed a slime creature
   303 | D        | Reached skill level 20 in Stealth
   303 | D        | Reached XP level 7. HP: 31/31 MP: 8/8
   604 | D        | Noticed a centaur warrior
   605 | D        | Noticed a centaur warrior
   607 | D        | Slain by a centaur warrior
   608 | D        | Reached XP level 6. HP: -1/28 MP: 7/7
   617 | D        | Noticed a deep troll
   622 | D        | Mangled by a deep troll
   623 | D        | Reached XP level 5. HP: -9/36 MP: 6/6
   623 | D        | Found Visaesaiz's Distillery.
   627 | D        | Noticed a floating eye
   627 | D        | Noticed a shining eye
   627 | D        | Noticed a shining eye
   627 | D        | Noticed a floating eye
   627 | D        | Noticed a shining eye
   627 | D        | Noticed a shining eye
   627 | D        | Noticed a floating eye
   627 | D        | Noticed a shining eye
   627 | D        | Noticed a shining eye
   628 | D        | Noticed a floating eye
   629 | D        | Noticed a shining eye
   629 | D        | Noticed a shining eye
   629 | D        | Paralysed by a floating eye for 3 turns
   631 | D        | Gained mutation: You are vulnerable to heat. (rF-) [a
                  | shining eye]
   633 | D        | Gained mutation: You are clumsy. (Dex -2) [a shining eye]
   634 | D        | Killed a floating eye
   635 | D        | Reached skill level 21 in Stealth
   637 | D        | Paralysed by a floating eye for 2 turns
   637 | D        | Gained mutation: You sometimes lose your temper in combat.
                  | [a shining eye]
   641 | D        | Killed a floating eye
   641 | D        | Reached *** piety under Trog
   641 | D        | Gained mutation: Your spells are a little easier to cast,
                  | but a little less powerful. [a shining eye]
   642 | D        | Reached skill level 22 in Stealth
   642 | D        | Reached XP level 6. HP: 28/28 MP: 7/7
   644 | D        | Gained mutation: You are vulnerable to cold. (rC-) [a
                  | shining eye]
   645 | D        | Paralysed by a floating eye for 2 turns
   646 | D        | Gained mutation: You are very clumsy. (Dex -4) [a shining
                  | eye]
   646 | D        | Gained mutation: You are dopey. (Int -2) [a shining eye]
   650 | D        | Gained mutation: Your body sometimes deteriorates upon
                  | taking damage. [a shining eye]
   650 | D        | Paralysed by a floating eye for 4 turns
   650 | D        | Gained mutation: You occasionally lose the ability to read
                  | scrolls when taking damage. [a shining eye]
   651 | D        | Gained mutation: You are weak. (Str -2) [a shining eye]
   652 | D        | Gained mutation: You are very weak. (Str -4) [a shining
                  | eye]
   652 | D        | Gained mutation: You are very vulnerable to heat. (rF--) [a
                  | shining eye]
   654 | D        | Gained mutation: Your body often deteriorates upon taking
                  | damage. [a shining eye]
   656 | D        | Gained mutation: You occasionally lose the ability to drink
                  | potions when taking damage. [a shining eye]
   657 | D        | Paralysed by a floating eye for 4 turns
   659 | D        | Gained mutation: You sometimes lose the ability to read
                  | scrolls when taking damage. [a shining eye]
   660 | D        | Gained mutation: Your spells are easier to cast, but less
                  | powerful. [a shining eye]
   660 | D        | Lost mutation: You occasionally lose the ability to drink
                  | potions when taking damage. [a shining eye]
   661 | D        | Gained mutation: Your magical capacity is low. (-10% MP) [a
                  | shining eye]
   661 | D        | Gained mutation: You are very vulnerable to cold. (rC--) [a
                  | shining eye]
   663 | D        | Gained mutation: You are very dopey. (Int -4) [a shining
                  | eye]
   665 | D        | Killed a shining eye
   666 | D        | Reached skill level 23 in Stealth
   666 | D        | Reached XP level 7. HP: 34/34 MP: 7/7
   666 | D        | Paralysed by a floating eye for 2 turns
   666 | D        | Gained mutation: Your magical capacity is very low. (-20%
                  | MP) [a shining eye]
   667 | D        | Gained mutation: You have an uncontrollable temper. [a
                  | shining eye]
   667 | D        | Gained mutation: You are frail. (-10% HP) [a shining eye]
   669 | D        | Gained mutation: Your spells are much easier to cast, but
                  | much less powerful. [a shining eye]
   670 | D        | Gained mutation: You are extremely vulnerable to cold.
                  | (rC---) [a shining eye]
   671 | D        | Gained mutation: You are extremely vulnerable to heat.
                  | (rF---) [a shining eye]
   671 | D        | Gained mutation: Your magical capacity is extremely low.
                  | (-30% MP) [a shining eye]
   672 | D        | Gained mutation: You are very frail. (-20% HP) [a shining
                  | eye]
   673 | D        | Paralysed by a floating eye for 4 turns
   673 | D        | Gained mutation: You occasionally shout uncontrollably at
                  | your foes. [a shining eye]
   674 | D        | Gained mutation: You have hidden genetic defects. [a
                  | shining eye]
   675 | D        | Gained mutation: You are extremely frail. (-30% HP) [a
                  | shining eye]
   676 | D        | Gained mutation: You occasionally lose the ability to drink
                  | potions when taking damage. [a shining eye]
   679 | D        | Gained mutation: You have terrible hidden genetic defects.
                  | [a shining eye]
   681 | D        | Paralysed by a floating eye for 4 turns
   681 | D        | Gained mutation: Potions are less effective at restoring
                  | your health. [a shining eye]
   686 | D        | Gained mutation: You frequently scream uncontrollably at
                  | your foes. [a shining eye]
   687 | D        | Noticed Sonja
   688 | D        | Gained mutation: You do not regenerate when monsters are
                  | visible. [a shining eye]
   688 | D        | Paralysed by a floating eye for 3 turns
   689 | D        | Gained mutation: You sometimes lose the ability to drink
                  | potions when taking damage. [a shining eye]
   690 | D        | Gained mutation: Potions cannot restore your health. [a
                  | shining eye]
   695 | D        | Killed a shining eye
   696 | D        | Reached XP level 8. HP: 15/29 MP: 6/6
   696 | D        | Paralysed by a floating eye for 2 turns
   701 | D        | Paralysed by a floating eye for 2 turns
   702 | D        | Lost mutation: You sometimes lose the ability to drink
                  | potions when taking damage. [a shining eye]
   703 | D        | Gained mutation: You sometimes lose the ability to drink
                  | potions when taking damage. [a shining eye]
   707 | D        | Paralysed by a floating eye for 4 turns
   713 | D        | Shot with an arrow by a centaur warrior

Illustrated notes

Levels and vault maps discovered:
D:        dungeon_sprint_1 [red_sonja_temple_1, red_sonja_temple_small_1]

Skill      XL: |  1  2  3  4  5  6  7 |
---------------+----------------------+-----
Stealth        | 8 12 17 22 23 | 23.0
Fighting       | 6 8 |  8.8
Dodging        | |  4.0
Unarmed Combat | |  3.0

Action                     |  1- 3 |  4- 6 |  7- 9 || total
---------------------------+-------+-------+-------++-------
  Melee: Unarmed           |     7 |    44 |    22 ||    73
         Bite              |       |     7 |     7 ||    14
         Punch             |       |     3 |     2 ||     5
 Invoke: Berserk           |     1 |     3 |       ||     4
         Trog's Hand       |       |     1 |     1 ||     2
    Use: Scroll            |       |       |     1 ||     1
         Potion            |       |       |     1 ||     1
   Stab: Sleeping          |     1 |     2 |       ||     3
 Armour: Skin              |       |     2 |     1 ||     3
  Dodge: Dodged            |     3 |    13 |     7 ||    23
